SA
TENNESSEE SMOKIES @ WASHINGTON GENERALS
07/20/2042
 
TOP OF THE 1ST
Tennessee Smokies batting - Pitching for Washington Generals : RHP Johnny Ijzendoorn
Pitching: RHP Johnny Ijzendoorn
Batting: LHB Royce Rolls 0-0: Called Strike
0-1: Foul Ball, location: 2F
0-2: Ball
1-2: Ball
2-2: Ground out U3 (Groundball, 34S, EV 86.9 MPH)
Batting: LHB Jason Durkin 0-0: Ball
1-0: Called Strike
1-1: Called Strike
1-2: Fly out, F8 (Flyball, 78S, EV 78.8 MPH)
Batting: RHB Benigno Bachelay 0-0: Called Strike
0-1: Swinging Strike
0-2: Ground out 4-3 (Groundball, 34, EV 101.9 MPH)
Top of the 1st over - 0 runs, 0 hits, 0 errors, 0 left on base; Tennessee 0 - Washington 0
BOTTOM OF THE 1ST
Washington Generals batting - Pitching for Tennessee Smokies : LHP Omar Bongo
Pitching: LHP Omar Bongo
Batting: RHB Xavier Hutchesson 0-0: Called Strike
0-1: Ball
1-1: Called Strike
1-2: Strikes out swinging
Batting: RHB Asko Huhtamo 0-0: Ball
1-0: Ball
2-0: Foul Ball, location: 2F
2-1: Swinging Strike
2-2: Ground out 5-3 (Groundball, 56S, EV 66.9 MPH)
Batting: LHB Cho-yun Yip 0-0: Swinging Strike
0-1: Ball
1-1: Foul Ball, location: 2F
1-2: Foul Ball, location: 2F
1-2: Ball
2-2: Fly out, F9 (Flyball, 9S, EV 84.4 MPH)
Bottom of the 1st over - 0 runs, 0 hits, 0 errors, 0 left on base; Tennessee 0 - Washington 0
TOP OF THE 2ND
Tennessee Smokies batting - Pitching for Washington Generals : RHP Johnny Ijzendoorn
Batting: LHB Vance Lee 0-0: SINGLE (Groundball, 3L, EV 93.8 MPH)
Batting: RHB Darrell MacGregor 0-0: Ball
1-0: Ball
2-0: SINGLE (Groundball, 5L, EV 99.4 MPH)
Vance Lee to second
Batting: RHB Yoshitora Nakayama 0-0: Foul Ball, location: 2F
0-1: SINGLE (Groundball, 56D, EV 100.0 MPH)
Vance Lee to third
Darrell MacGregor to second
Runner from 3rd tries for Home, SAFE, throw by LF to home
Batting: RHB Tadasu Sato 0-0: Called Strike
0-1: Called Strike
0-2: DOUBLE (Line Drive, 78D, EV 109.4 MPH)
Darrell MacGregor scores
Yoshitora Nakayama to third
Batting: RHB Terjo Ridanpää 0-0: Ground out 6-3 (Groundball, 6, EV 99.4 MPH)
Yoshitora Nakayama scores
Batting: RHB Andrew Whitfield 0-0: Fly out, F9 (Flyball, 9, EV 91.2 MPH)
Batting: LHB Royce Rolls 0-0: Fly out, F8 (Flyball, 89D, EV 106.9 MPH)
Top of the 2nd over - 3 runs, 4 hits, 0 errors, 1 left on base; Tennessee 3 - Washington 0
BOTTOM OF THE 2ND
Washington Generals batting - Pitching for Tennessee Smokies : LHP Omar Bongo
Batting: RHB Irwin Taylor 0-0: Foul Ball, location: 2F
0-1: Ball
1-1: Foul Ball, location: 2F
1-2: Ball
2-2: Foul Ball, location: 2F
2-2: Fly out, F3 (Popup, 3SF, EV 71.2 MPH)
Batting: RHB Joe Gilmore 0-0: Ball
1-0: Called Strike
1-1: Called Strike
1-2: Strikes out looking
Batting: RHB Augusto Manito 0-0: Called Strike
0-1: Fly out, F5 (Line Drive, 5, EV 68.8 MPH)
Bottom of the 2nd over - 0 runs, 0 hits, 0 errors, 0 left on base; Tennessee 3 - Washington 0
TOP OF THE 3RD
Tennessee Smokies batting - Pitching for Washington Generals : RHP Johnny Ijzendoorn
Batting: LHB Jason Durkin 0-0: Ball
1-0: SINGLE (Line Drive, 78S, EV 91.2 MPH)
Batting: RHB Benigno Bachelay 0-0: Ball
1-0: Ball
2-0: Fly out, F9 (Line Drive, 9, EV 100.0 MPH)
Batting: LHB Vance Lee 0-0: Foul Ball, location: 2F
0-1: Ball
1-1: Ball
2-1: Grounds into double play, 6-4-3 (Groundball, 56, EV 88.1 MPH)
Top of the 3rd over - 0 runs, 1 hit, 0 errors, 0 left on base; Tennessee 3 - Washington 0
BOTTOM OF THE 3RD
Washington Generals batting - Pitching for Tennessee Smokies : LHP Omar Bongo
Batting: LHB Gabriel Gonzáles 0-0: Ball
1-0: Ground out 5-3 (Groundball, 56, EV 82.5 MPH)
Batting: RHB Mo Westoby 0-0: Ball
1-0: Swinging Strike
1-1: Foul Ball, location: 2F
1-2: Strikes out swinging
Batting: SHB Anthony Barker 0-0: Ball
1-0: Swinging Strike
1-1: Ground out 6-3 (Groundball, 6, EV 91.2 MPH)
Bottom of the 3rd over - 0 runs, 0 hits, 0 errors, 0 left on base; Tennessee 3 - Washington 0
TOP OF THE 4TH
Tennessee Smokies batting - Pitching for Washington Generals : RHP Johnny Ijzendoorn
Batting: RHB Darrell MacGregor 0-0: Ball
1-0: Swinging Strike
1-1: Ground out 1-3 (Groundball, P, EV 77.5 MPH)
Batting: RHB Yoshitora Nakayama 0-0: TRIPLE (Flyball, 78XD, EV 103.8 MPH)
Batting: RHB Tadasu Sato 0-0: Ball
1-0: SINGLE (Groundball, 56D, EV 108.1 MPH)
Yoshitora Nakayama scores
Batting: RHB Terjo Ridanpää 0-0: Ball
1-0: Foul Ball, location: 2F
1-1: Foul Ball, location: 2F
1-2: Ball
2-2: Ball
3-2: Foul Ball, location: 2F
3-2: Fielders Choice at 2nd, 2-4 (Groundball, 15S, EV 66.2 MPH)
Batting: RHB Andrew Whitfield 0-0: Ball
1-0: Fly out, F8 (Flyball, 8LS, EV 84.4 MPH)
Top of the 4th over - 1 run, 2 hits, 0 errors, 1 left on base; Tennessee 4 - Washington 0
BOTTOM OF THE 4TH
Washington Generals batting - Pitching for Tennessee Smokies : LHP Omar Bongo
Batting: RHB Xavier Hutchesson 0-0: Ball
1-0: Ball
2-0: SINGLE (Flyball, 78S, EV 93.1 MPH)
Batting: RHB Asko Huhtamo 0-0: Called Strike
0-1: Ball
1-1: Swinging Strike
1-2: Fly out, F8 (Line Drive, 8LD, EV 105.6 MPH)
Batting: LHB Cho-yun Yip 0-0: Ball
1-0: Called Strike
1-1: Called Strike
1-2: Foul Ball, location: 2F
1-2: Foul Ball, location: 2F
1-2: Ball
Pickoff Throw to First - Error! E1
Xavier Hutchesson to second
2-2: Foul Ball, location: 2F
2-2: Fly out, F9 (Flyball, 9S, EV 81.9 MPH)
Batting: RHB Irwin Taylor 0-0: Called Strike
0-1: Ball
1-1: Foul Ball, location: 2F
1-2: Fly out, F9 (Flyball, 89M, EV 93.8 MPH)
Bottom of the 4th over - 0 runs, 1 hit, 1 error, 1 left on base; Tennessee 4 - Washington 0
TOP OF THE 5TH
Tennessee Smokies batting - Pitching for Washington Generals : RHP Johnny Ijzendoorn
Batting: LHB Royce Rolls 0-0: Ball
1-0: Ball
2-0: Ball
3-0: Called Strike
3-1: Base on Balls
Batting: LHB Jason Durkin 0-0: Called Strike
0-1: Ball
1-1: Ball
2-1: SINGLE (Groundball, 34, EV 87.5 MPH) (infield hit)
Royce Rolls to second
Batting: RHB Benigno Bachelay 0-0: Ball
1-0: Ball
2-0: Fielders Choice at 2nd, 1-4 (Groundball, P, EV 89.4 MPH)
Royce Rolls to third
Batting: LHB Vance Lee 0-0: Fly out, F9 (Flyball, 9S, EV 90.6 MPH)
Batting: RHB Darrell MacGregor 0-0: Ball
1-0: Ball
2-0: Called Strike
2-1: SINGLE (Flyball, 7S, EV 96.9 MPH)
Royce Rolls scores
Benigno Bachelay to second
Batting: RHB Yoshitora Nakayama 0-0: Swinging Strike
0-1: Fly out, F9 (Flyball, 89M, EV 90.0 MPH)
Top of the 5th over - 1 run, 2 hits, 0 errors, 2 left on base; Tennessee 5 - Washington 0
BOTTOM OF THE 5TH
Washington Generals batting - Pitching for Tennessee Smokies : LHP Omar Bongo
Batting: RHB Joe Gilmore 0-0: Ball
1-0: Called Strike
1-1: Foul Ball, location: 2F
1-2: Strikes out swinging, 2-3 out at first.
Batting: RHB Augusto Manito 0-0: Swinging Strike
0-1: Ball
1-1: Foul Ball, location: 2F
1-2: Strikes out swinging
Batting: LHB Gabriel Gonzáles 0-0: Ball
1-0: Foul Ball, location: 2F
1-1: Ball
2-1: Called Strike
2-2: Ball
3-2: Ground out 6-3 (Groundball, 6, EV 86.2 MPH)
Bottom of the 5th over - 0 runs, 0 hits, 0 errors, 0 left on base; Tennessee 5 - Washington 0
TOP OF THE 6TH
Tennessee Smokies batting - Pitching for Washington Generals : RHP Johnny Ijzendoorn
Pitching: LHP Sung-tae O
Batting: RHB Tadasu Sato 0-0: Ball
1-0: Ground out 5-3 (Groundball, 56, EV 85.6 MPH)
Batting: RHB Terjo Ridanpää 0-0: Called Strike
0-1: Foul Ball, location: 2F
0-2: Fly out, F8 (Flyball, 8LXD, EV 88.1 MPH)
Batting: RHB Andrew Whitfield 0-0: Foul Ball, location: 2F
0-1: Foul Ball, location: 2F
0-2: Strikes out swinging
Top of the 6th over - 0 runs, 0 hits, 0 errors, 0 left on base; Tennessee 5 - Washington 0
BOTTOM OF THE 6TH
Washington Generals batting - Pitching for Tennessee Smokies : LHP Omar Bongo
Batting: RHB Mo Westoby 0-0: Ball
1-0: Called Strike
1-1: Foul Ball, location: 2F
1-2: Strikes out swinging
Batting: SHB Anthony Barker 0-0: Ground out 4-3 (Groundball, 4, EV 78.1 MPH)
Batting: RHB Xavier Hutchesson 0-0: Called Strike
0-1: Ball
1-1: Ball
2-1: Foul Ball, location: 2F
2-2: SINGLE (Groundball, 34S, EV 88.8 MPH) (infield hit)
Batting: RHB Asko Huhtamo 0-0: DOUBLE (Line Drive, 78D, EV 106.9 MPH)
Xavier Hutchesson to third
Xavier Hutchesson scores
Batting: LHB Cho-yun Yip 0-0: Ball
1-0: Ball
2-0: Ball
3-0: Called Strike
3-1: Foul Ball, location: 2F
3-2: Base on Balls
Batting: RHB Irwin Taylor 0-0: Ball
1-0: Swinging Strike
1-1: Ball
2-1: DOUBLE (Flyball, 89XD, EV 86.9 MPH)
Asko Huhtamo scores
Cho-yun Yip to third
Runner from 3rd tries for Home, SAFE, throw by CF to home
Batting: RHB Joe Gilmore 0-0: Foul Ball, location: 2F
0-1: Ball
1-1: Ball
2-1: Swinging Strike
2-2: Strikes out swinging
Bottom of the 6th over - 3 runs, 3 hits, 0 errors, 1 left on base; Tennessee 5 - Washington 3
TOP OF THE 7TH
Tennessee Smokies batting - Pitching for Washington Generals : LHP Sung-tae O
Pitching: LHP Juan Gutiérrez
Batting: LHB Royce Rolls 0-0: Ball
1-0: Ball
2-0: Ball
3-0: Called Strike
3-1: Foul Ball, location: 2F
3-2: Fly out, F5 (Popup, 56S, EV 78.1 MPH)
Batting: LHB Jason Durkin 0-0: Ground out 3-1 (Groundball, 34, EV 88.1 MPH)
Batting: RHB Benigno Bachelay 0-0: Ball
1-0: Ball
2-0: Called Strike
2-1: SINGLE (Groundball, 4D, EV 107.5 MPH)
Batting: LHB Vance Lee 0-0: Ball
1-0: Foul Ball, location: 2F
1-1: Foul Ball, location: 2F
1-2: Ball
Benigno Bachelay steals 2nd base
2-2: Ball
Wild Pitch!
Benigno Bachelay to third
3-2: Foul Ball, location: 2F
3-2: Base on Balls
Batting: RHB Darrell MacGregor 0-0: Called Strike
0-1: Foul Ball, location: 2F
0-2: Ball
1-2: Ball
2-2: Ball
3-2: Fly out, F8 (Flyball, 8RD, EV 100.0 MPH)
Top of the 7th over - 0 runs, 1 hit, 0 errors, 2 left on base; Tennessee 5 - Washington 3
BOTTOM OF THE 7TH
Washington Generals batting - Pitching for Tennessee Smokies : LHP Omar Bongo
Batting: RHB Augusto Manito 0-0: Ground out 6-3 (Groundball, 6, EV 85.0 MPH)
Pitching: RHP Martín Colón
Batting: LHB Gabriel Gonzáles 0-0: Called Strike
0-1: Fly out, F9 (Flyball, 9, EV 83.1 MPH)
Batting: RHB Mo Westoby 0-0: Foul Ball, location: 2F
0-1: Fly out, F3 (Popup, 23F, EV 80.0 MPH)
Bottom of the 7th over - 0 runs, 0 hits, 0 errors, 0 left on base; Tennessee 5 - Washington 3
TOP OF THE 8TH
Tennessee Smokies batting - Pitching for Washington Generals : LHP Juan Gutiérrez
Batting: RHB Yoshitora Nakayama 0-0: Swinging Strike
0-1: Foul Ball, location: 2F
0-2: Ball
1-2: Strikes out swinging
Batting: RHB Tadasu Sato 0-0: Swinging Strike
0-1: SINGLE (Groundball, 4, EV 83.8 MPH) (infield hit)
Pitching: RHP Louis Orioli
Batting: RHB Terjo Ridanpää 0-0: Ball
1-0: Called Strike
1-1: Called Strike
1-2: Fly out, F3 (Line Drive, 3, EV 67.5 MPH)
Batting: RHB Andrew Whitfield 0-0: Called Strike
0-1: Ball
1-1: Called Strike
1-2: Ball
2-2: Foul Ball, location: 2F
2-2: Foul Ball, location: 2F
2-2: Ball
3-2: SINGLE (Groundball, 6D, EV 98.1 MPH)
Tadasu Sato to second
Tadasu Sato to third
Batting: LHB Royce Rolls 0-0: Ball
1-0: Foul Ball, location: 2F
1-1: Swinging Strike
1-2: Strikes out looking
Top of the 8th over - 0 runs, 2 hits, 0 errors, 2 left on base; Tennessee 5 - Washington 3
BOTTOM OF THE 8TH
Washington Generals batting - Pitching for Tennessee Smokies : RHP Martín Colón
Batting: SHB Anthony Barker 0-0: Called Strike
0-1: Swinging Strike
0-2: Ball
1-2: Ball
2-2: Ball
3-2: Ground out 4-3 (Groundball, 4, EV 105.6 MPH)
Batting: RHB Xavier Hutchesson 0-0: Called Strike
0-1: Ball
1-1: Swinging Strike
1-2: SINGLE (Groundball, 34D, EV 99.4 MPH)
Batting: RHB Asko Huhtamo 0-0: Ball
1-0: Called Strike
1-1: Ball
2-1: Ball
3-1: SINGLE (Flyball, 89M, EV 83.1 MPH)
Xavier Hutchesson to second
Runner from 2nd tries for 3rd, SAFE, throw by CF made to third
Batting: LHB Cho-yun Yip 0-0: Ball
1-0: SINGLE (Line Drive, 8LS, EV 101.9 MPH)
Xavier Hutchesson scores
Asko Huhtamo to second
Batting: RHB Irwin Taylor 0-0: Ball
1-0: Grounds into double play, 5-4-3 (Groundball, 5, EV 90.6 MPH)
Bottom of the 8th over - 1 run, 3 hits, 0 errors, 1 left on base; Tennessee 5 - Washington 4
TOP OF THE 9TH
Tennessee Smokies batting - Pitching for Washington Generals : RHP Louis Orioli
Batting: LHB Jason Durkin 0-0: Ball
1-0: Foul Ball, location: 2F
1-1: Called Strike
1-2: Foul Ball, location: 2F
1-2: Ball
2-2: Ball
3-2: DOUBLE (Groundball, 3L, EV 104.4 MPH)
Batting: RHB Benigno Bachelay 0-0: SINGLE (Line Drive, 7S, EV 94.4 MPH)
Jason Durkin to third
Batting: LHB Vance Lee 0-0: Called Strike
0-1: Ball
1-1: Swinging Strike
1-2: Ball
2-2: Ball
3-2: Foul Ball, location: 2F
3-2: TRIPLE (Flyball, 89XD, EV 94.4 MPH)
Jason Durkin scores
Benigno Bachelay scores
Pitching: LHP Tony Nelson
Batting: RHB Darrell MacGregor 0-0: Ball
1-0: Called Strike
1-1: Swinging Strike
1-2: Ball
2-2: Strikes out swinging
Batting: RHB Yoshitora Nakayama 0-0: Called Strike
0-1: Ball
1-1: Foul Ball, location: 2F
1-2: Fly out, F9 (Line Drive, 9, EV 99.4 MPH)
Runner from 3rd tags up, SCORES, throw by RF
Batting: RHB Tadasu Sato 0-0: Called Strike
0-1: Fly out, F7 (Flyball, 7LS, EV 88.1 MPH)
Top of the 9th over - 3 runs, 3 hits, 0 errors, 0 left on base; Tennessee 8 - Washington 4
BOTTOM OF THE 9TH
Washington Generals batting - Pitching for Tennessee Smokies : RHP Martín Colón
Batting: RHB Joe Gilmore 0-0: Ball
1-0: Foul Ball, location: 2F
1-1: Foul Ball, location: 2F
1-2: Ball
2-2: Ball
3-2: SINGLE (Groundball, 34D, EV 103.8 MPH)
Batting: RHB Augusto Manito 0-0: Foul Ball, location: 2F
0-1: Ball
1-1: Ground out 6-3 (Groundball, 6S, EV 63.1 MPH)
Joe Gilmore to second
Batting: LHB Gabriel Gonzáles 0-0: Ball
1-0: Ball
Balk!
Joe Gilmore to third
2-0: Called Strike
2-1: Foul Ball, location: 2RF, Error on foul ball, E2
2-2: Ball
3-2: Strikes out swinging
Batting: RHB Mo Westoby 0-0: SINGLE (Groundball, 6MD, EV 97.5 MPH)
Joe Gilmore scores
Pitching: RHP Harold Hunter
Batting: SHB Anthony Barker 0-0: Foul Ball, location: 2F
0-1: Ball
1-1: Foul Ball, location: 2F
1-2: Strikes out swinging
Bottom of the 9th over - 1 run, 2 hits, 1 error, 1 left on base; Tennessee 8 - Washington 5
Friday, March 26th, 2021 - OOTP Baseball 20.8 Build 74